 Dungeon Sprint DCSS version 0.17-a0-1210-g1e4f09d (webtiles) character file.

11106 Kidiri the Unseen (level 11, -6/64 HPs)
             Began as a Spriggan Assassin on June 3, 2015.
             Was a High Priest of Dithmenos.
             Mangled by an azure jelly (35 damage)
             ... in the Dungeon (Sprint III: "The Ten Rune Challenge").
             The game lasted 00:14:03 (1579 turns).

Kidiri the Unseen (Spriggan Assassin)               Turns: 1579, Time: 00:14:03

Health: -6/64      AC:  7    Str:  7    XL:     11   Next: 45%
Magic:  14/17      EV: 34    Int: 14    God:    Dithmenos [*****.]
Gold:   28         SH:  2    Dex: 20    Spells: 0 memorised, 10 levels left

rFire  . . .     SeeInvis +     a - +2 dagger
rCold  . . .     Clarity  .     o - +2 robe {MR+}
rNeg   . . .     SustAt   .     (shield restricted)
rPois  .         Gourm    .     (helmet restricted)
rElec  .         Spirit   .     d - +0 cloak
rCorr  .         Warding  .     (gloves unavailable)
rMut   .         NoTele   +     (boots unavailable)
MR     ++...                    (no amulet)
Stlth  ++++++++++               (no ring)
                                (no ring)

@: very slightly contaminated, wreathed by umbra, very quick, very resistant to
hostile enchantments, uncannily stealthy
A: unfitting armour, antennae 1, large bone plates 1, see invisible, herbivore
3, speed 3, slow metabolism 2
a: Shadow Step, Shadow Form, Renounce Religion


You were in the Dungeon.
You worshipped Dithmenos.
Dithmenos was extremely pleased with you.
You were not hungry.

You visited 1 branch You collected 28 gold pieces.

Inventory:

Hand weapons
 a - a +2 dagger (weapon)
 b - a +0 blowgun
Missiles
 f - 9 curare-tipped needles
Armour
 d - a +0 cloak (worn)
 o - a +2 robe of magic resistance (worn)
Scrolls
 q - a scroll of holy word
 r - a scroll of remove curse
 v - a scroll of torment
Potions
 h - 2 potions of curing
 i - a potion of heal wounds
 j - 2 potions of haste
 k - 2 potions of magic
 t - 3 potions of cure mutation
 u - 2 potions of flight
Books
 l - a book of Enchantments

   Spells                             Type                      Level
   a - Cause Fear                     Hexes                        4
   b - Silence                        Hexes/Air                    5
   c - Deflect Missiles               Charms/Air                   6
   d - Haste                          Charms                       6
   e - Discord                        Hexes                        8
 n - a book of the Sky

   Spells                             Type                      Level
   a - Summon Lightning Spire         Summoning/Air                4
   b - Airstrike                      Air                          4
   c - Silence                        Hexes/Air                    5
   d - Deflect Missiles               Charms/Air                   6
   e - Conjure Ball Lightning         Conjuration/Air              6
   f - Tornado                        Air                          9
Comestibles
 c - a royal jelly
 g - 2 bread rations
 s - a fruit


   Skills:
 * Level 10.8 Fighting
 * Level 13.3 Short Blades
 * Level 13.5 Throwing
 * Level 16.7 Dodging
 * Level 18.7 Stealth
 + Level 7.6 Invocations


You had 10 spell levels left.
You didn't know any spells.

Dungeon Overview and Level Annotations

Branches:
Dungeon (1/1)

Altars:
Cheibriados
Dithmenos
Elyvilon
Fedhas
Gozag
Kikubaaqudgha
Makhleb
Nemelex Xobeh
Okawaru
Qazlal
Ru
Sif Muna
Trog
Vehumet
Xom
Yredelemnul
Zin
The Shining One
Jiyva
Lugonu


Innate Abilities, Weirdness & Mutations

You are tiny and cannot use many weapons and most armour.
You have supernaturally acute eyesight.
You are a herbivore.
You cover ground extremely quickly.
You need consume almost no food.
You have a pair of small antennae on your head.
You are partially covered in large bone plates (AC +2, SH +2).


Message History

The azure jelly misses you. The azure jelly closely misses you.
The azure jelly completely misses you. The azure jelly barely misses you.
The azure jelly completely misses you. The azure jelly misses you.
The azure jelly completely misses you. x2
You hit the azure jelly but do no damage.
The azure jelly is lightly wounded.
The azure jelly closely misses you. The azure jelly hits you.
The azure jelly freezes you!!!
Ouch! That really hurt!
* * * LOW HITPOINT WARNING * * *
You emit a cloud of dark smoke.
The azure jelly barely misses you. The azure jelly closely misses you.
You open the door. You block the azure jelly's attack.
The azure jelly barely misses you. The azure jelly closely misses you.
The azure jelly barely misses you.
There is an open door here.
Drink which item? (? for menu, Esc to quit)
You feel much better. The azure jelly hits you! The azure jelly freezes you!!
Ouch! That really hurt!
You die...

#..≈≈≈≈≈≈♣..#...######'#
#.≈≈≈≈≈≈....#.⌠.#__#...#+########
#.≈≈≈≈≈.....#...#__#...#....#)#)#
#.≈≈≈.......#'###__#...##.#.)#.##
#...........#.))#__#...'##.#.#.##
............#___#_.'...#...#..#..
▓▓▓▓▓▓▓▓▓▓▓▓▓▓▓▓▓▓▓▓▓▓▓▓▓▓▓▓▓▓▓▓▓
.≈≈§§§≈≈≈♣♣J§§JJ♣♣ ♣≈≈≈........≈≈
.≈≈§§§§((♣♣§≈§§§@♣♣'♣≈≈≈≈≈≈≈≈≈≈≈≈
≈.≈≈§≈.≈≈≈'.§§§§#÷≈♣♣♣♣♣♣♣♣♣♣♣♣♣♣
†≈§§≈.≈≈≈♣♣♣♣♣♣♣#.÷♣ ≈≈≈§§≈.≈≈♣
###+ ###'#######♣ { .......)...♣
###########+ P.Y. ≈≈.FY


You could see 2 azure jellies.

Vanquished Creatures
  Sigmund (D)
  Rupert (D)
  Erolcha (D)
  Edmund (D)
  2 spiny frogs (D)
  A komodo dragon (D)
  3 wandering mushrooms (D)
  A fire drake (D)
  A deep elf priest (D)
  5 blink frogs (D)
  2 trapdoor spiders (D)
  A redback (D)
  A shadow (D)
  2 hill giants (D)
  A spatial vortex (D)
  A swamp drake (D)
  A necrophage (D)
  3 two-headed ogres (D)
  A water elemental (D)
  A jelly (D)
  Crazy Yiuf (D)
  A necromancer (D)
  Jessica (D)
  A wizard (D)
  A kobold demonologist (D)
  3 humans (D)
  3 rats (D)
42 creatures vanquished.

Vanquished Creatures (others)
  2 draconian scorchers (D)
  2 yaktaurs (D)
  3 plants (D)
7 creatures vanquished.

Grand Total: 49 creatures vanquished

Notes
Turn   | Place    | Note
--------------------------------------------------------------
     0 | D        | Kidiri the Spriggan Assassin began the quest for the Orb.
     0 | D        | Reached XP level 1. HP: 10/10 MP: 2/2
     9 | D        | Reached skill level 6 in Stealth
    13 | D        | Noticed Jessica
    16 | D        | Killed Jessica
    16 | D        | Reached skill level 7 in Stealth
    16 | D        | Reached XP level 2. HP: 14/16 MP: 3/3
    71 | D        | Noticed Crazy Yiuf
    78 | D        | Killed Crazy Yiuf
    78 | D        | Reached XP level 3. HP: 20/20 MP: 4/4
   115 | D        | Reached skill level 5 in Dodging
   115 | D        | Reached skill level 8 in Stealth
   115 | D        | Reached XP level 4. HP: 13/24 MP: 5/5
   157 | D        | Gained mutation: You evolve. [potion of mutation]
   157 | D        | Gained mutation: You have a pair of small antennae on your head. [potion of mutation]
   157 | D        | Gained mutation: You have large cloven feet. [potion of mutation]
   158 | D        | Lost mutation: You have large cloven feet. [potion of mutation]
   158 | D        | Lost mutation: You evolve. [potion of mutation]
   158 | D        | Gained mutation: You are partially covered in large bone plates (AC +2, SH +2). [potion of mutation]
   221 | D        | Killed a yaktaur
   255 | D        | Killed a white draconian scorcher
   333 | D        | Noticed a water elemental
   341 | D        | Killed a water elemental
   341 | D        | Reached skill level 5 in Throwing
   341 | D        | Reached skill level 9 in Stealth
   392 | D        | Noticed a jelly
   393 | D        | Noticed a shadow
   395 | D        | Killed a shadow
   395 | D        | Reached skill level 5 in Short Blades
   395 | D        | Reached skill level 10 in Stealth
   395 | D        | Reached XP level 5. HP: 28/30 MP: 6/6
   395 | D        | Reached XP level 6. HP: 32/35 MP: 7/7
   399 | D        | Killed a jelly
   399 | D        | Reached skill level 5 in Fighting
   423 | D        | Killed a white draconian scorcher
   427 | D        | Found a stormy altar of Qazlal.
   427 | D        | Found a sacrificial altar of Ru.
   427 | D        | Found a burning altar of Makhleb.
   427 | D        | Found a shimmering altar of Xom.
   427 | D        | Noticed a spatial vortex
   428 | D        | Found a viscous altar of Jiyva.
   428 | D        | Found a shadowy altar of Dithmenos.
   428 | D        | Found a sparkling altar of Nemelex Xobeh.
   428 | D        | Found a corrupted altar of Lugonu.
   428 | D        | Found an opulent altar of Gozag.
   430 | D        | Killed a spatial vortex
   430 | D        | Reached skill level 11 in Stealth
   433 | D        | Became a worshipper of Dithmenos the Shadowed
   449 | D        | Found a basalt altar of Yredelemnul.
   449 | D        | Found a snail-covered altar of Cheibriados.
   449 | D        | Found a blossoming altar of Fedhas.
   449 | D        | Noticed a necrophage
   449 | D        | Noticed a necromancer
   451 | D        | Killed a necromancer
   452 | D        | Killed a necrophage
   452 | D        | Reached skill level 1 in Invocations
   452 | D        | Reached XP level 7. HP: 37/39 MP: 8/8
   474 | D        | Found a glowing silver altar of Zin.
   474 | D        | Found a glowing golden altar of the Shining One.
   474 | D        | Found a white marble altar of Elyvilon.
   474 | D        | Noticed a deep elf priest
   477 | D        | Killed a deep elf priest
   477 | D        | Reached skill level 10 in Dodging
   477 | D        | Reached skill level 12 in Stealth
   496 | D        | Found a radiant altar of Vehumet.
   496 | D        | Found a deep blue altar of Sif Muna.
   496 | D        | Found an ancient bone altar of Kikubaaqudgha.
   496 | D        | Noticed a wizard
   498 | D        | Killed a wizard
   515 | D        | Found an iron altar of Okawaru.
   515 | D        | Found a bloodstained altar of Trog.
   515 | D        | Noticed a human
   515 | D        | Noticed a human
   557 | D        | Killed a human
   557 | D        | Acquired Dithmenos's first power
   566 | D        | Killed a human
   566 | D        | Reached XP level 8. HP: 30/45 MP: 9/11
   729 | D        | Noticed a two-headed ogre
   729 | D        | Noticed a two-headed ogre
   734 | D        | Killed a two-headed ogre
   734 | D        | Reached skill level 13 in Stealth
   736 | D        | Killed a two-headed ogre
   738 | D        | Noticed a two-headed ogre
   739 | D        | Killed a two-headed ogre
   747 | D        | Noticed a hill giant
   749 | D        | Killed a hill giant
   787 | D        | Noticed a hill giant
   787 | D        | Noticed Erolcha
   789 | D        | Killed Erolcha
   789 | D        | Acquired Dithmenos's second power
   789 | D        | Reached skill level 10 in Throwing
   789 | D        | Reached skill level 14 in Stealth
   789 | D        | Reached XP level 9. HP: 49/51 MP: 11/13
   790 | D        | Killed a hill giant
   841 | D        | Noticed a redback
   848 | D        | Killed a redback
   848 | D        | Reached skill level 10 in Short Blades
   881 | D        | Noticed a trapdoor spider
   889 | D        | Noticed a trapdoor spider
   892 | D        | Killed a trapdoor spider
   896 | D        | Killed a trapdoor spider
   896 | D        | Reached skill level 15 in Stealth
  1029 | D        | Noticed Sigmund
  1029 | D        | Noticed Edmund
  1031 | D        | Killed Sigmund
  1031 | D        | Acquired Dithmenos's third power
  1031 | D        | Reached skill level 15 in Dodging
  1031 | D        | Reached skill level 17 in Stealth
  1031 | D        | Reached XP level 10. HP: 55/58 MP: 9/15
  1032 | D        | Killed Edmund
  1083 | D        | Noticed an orc high priest
  1083 | D        | Noticed an orc high priest
  1093 | D        | Noticed a wandering mushroom
  1097 | D        | Noticed a wandering mushroom
  1097 | D        | Noticed a wandering mushroom
  1100 | D        | Killed a wandering mushroom
  1104 | D        | Killed a wandering mushroom
  1107 | D        | Killed a wandering mushroom
  1164 | D        | Noticed a spiny frog
  1164 | D        | Noticed a komodo dragon
  1164 | D        | Noticed a spiny frog
  1167 | D        | Killed a spiny frog
  1167 | D        | Reached skill level 10 in Fighting
  1168 | D        | Killed a komodo dragon
  1169 | D        | Killed a spiny frog
  1169 | D        | Reached XP level 11. HP: 63/63 MP: 11/17
  1210 | D        | Noticed a swamp drake
  1210 | D        | Noticed a fire drake
  1211 | D        | Killed a fire drake
  1213 | D        | Killed a swamp drake
  1218 | D        | Noticed a blink frog
  1219 | D        | Noticed a blink frog
  1245 | D        | Killed a blink frog
  1341 | D        | Killed a blink frog
  1341 | D        | Acquired Dithmenos's fourth power
  1392 | D        | Noticed a blink frog
  1392 | D        | Noticed a blink frog
  1393 | D        | Noticed a blink frog
  1396 | D        | Killed a blink frog
  1396 | D        | Reached skill level 18 in Stealth
  1398 | D        | Killed a blink frog
  1446 | D        | Killed a blink frog
  1505 | D        | Killed a yaktaur
  1522 | D        | Noticed Rupert
  1524 | D        | Killed Rupert
  1536 | D        | Noticed an azure jelly
  1536 | D        | Noticed an azure jelly
  1536 | D        | Noticed an azure jelly
  1536 | D        | Noticed an azure jelly
  1539 | D        | Noticed a death yak
  1539 | D        | Noticed a blink frog
  1539 | D        | Noticed a death yak
  1579 | D        | Mangled by an azure jelly

Vault maps used:
D:        dungeon_sprint_mu

Action                   |  1- 3 |  4- 6 |  7- 9 | 10-12 || total
-------------------------+-------+-------+-------+-------++-------
Melee: Dagger            |    32 |    12 |    34 |    81 ||   159
 Fire: Blowgun           |     7 |       |     9 |     5 ||    21
Invok: Shadow Step       |       |       |     3 |     6 ||     9
  Use: Scroll            |       |     4 |       |     1 ||     5
       Potion            |       |     3 |       |     1 ||     4
 Stab: Sleeping          |     4 |     5 |    11 |    12 ||    32
       Held in net/web   |       |       |     2 |       ||     2
